 Dungeon Crawl Stone Soup version 0.22-a0-605-g9281fa2 (webtiles) character file.

52 gmonis the Cudgeler (level 3, -2/46 HPs)
             Began as a Minotaur Berserker on July 8, 2018.
             Was a Follower of Trog.
             Succumbed to a kobold's poison
             ... on level 2 of the Dungeon.
             The game lasted 00:01:58 (1143 turns).

gmonis the Cudgeler (Minotaur Berserker)            Turns: 1143, Time: 00:01:59

Health: -2/46      AC:  2    Str: 26    XL:     3   Next: 60%
Magic:  2/2        EV: 12    Int:  4    God:    Trog [*.....]
Gold:   117        SH:  0    Dex: 10    Spells: 2/2 levels left

rFire    . . .     SeeInvis .   a - +0 mace
rCold    . . .     Gourm    .   (no shield)
rNeg     . . .     Faith    .   b - +0 animal skin
rPois    .         Spirit   .   (helmet restricted)
rElec    .         Reflect  .   (no cloak)
rCorr    .         Harm     .   (no gloves)
MR       .....                  (no boots)
Stlth    ..........             (no amulet)
HPRegen  0.15/turn              (no ring)
MPRegen  0.08/turn              (no ring)

@: berserking (expiring), lethally poisoned (-2 -> -48), slow
A: retaliatory headbutt, horns 2
a: Berserk, Renounce Religion


You were on level 2 of the Dungeon.
You worshipped Trog.
Trog was aware of your devotion.
You were hungry.

You visited 1 branch of the dungeon, and saw 2 of its levels.

You collected 117 gold pieces.

Inventory:

Hand Weapons
 a - a +0 mace (weapon)
Missiles
 i - 27 stones (quivered)
Armour
 b - a +0 animal skin (worn)
Jewellery
 e - a cursed ring of teleportation {unknown}
Scrolls
 f - a scroll of enchant armour {unknown}
 g - a scroll of amnesia {unknown}
 h - a scroll of random uselessness {unknown}
 j - a scroll of identify {unknown}
 k - 2 scrolls of remove curse {unknown}
 n - a scroll of enchant weapon {unknown}
 o - a scroll of teleportation {unknown}
Potions
 d - a potion of brilliance {unknown}
 l - a potion of heal wounds {unknown}
 p - a potion of flight {unknown}
Comestibles
 c - 4 rations
 m - a chunk of flesh


   Skills:
 - Level 3.6 Fighting
 + Level 5.6 Maces & Flails
 - Level 2.4 Armour
 - Level 2.1 Dodging


You had 2 spell levels left.
You didn't know any spells.
Your spell library was empty.

Dungeon Overview and Level Annotations

Branches:
Dungeon (2/15)

Altars:


Innate Abilities, Weirdness & Mutations

You reflexively headbutt those who attack you in melee.
You have a pair of horns on your head.


Message History

You are more poisoned.
You closely miss the kobold.
* * * LOW HITPOINT WARNING * * *
You feel very sick. The kobold hits you but does no damage.
You are more poisoned.
Your unstable footing causes you to fumble your attack.
* * * LOW HITPOINT WARNING * * *
You feel very sick.
The kobold hits you with a short sword of venom.
* * * LOW HITPOINT WARNING * * *
You are more poisoned.
You sock the kobold!
You kill the kobold!
Trog accepts your kill.
You hear a splash. x2
* * * LOW HITPOINT WARNING * * *
You feel very sick.
You are too berserk!
You die...

###### ......#####
...P......#
.♣≈≈≈≈.≈≈P##
P≈≈.≈≈≈.≈..#######
≈≈≈≈≈≈≈≈≈)P......
≈≈P≈≈≈≈P≈..# ...
≈.≈≈♣≈@♣P.##.#
P≈≈≈≈≈≈≈≈..)..####
+P#.P...#.#......#
....(.....##(##...#
.########..#.# .#
#..#.## # #.....+
.... #.#.###...<
#.........#


There were no monsters in sight!

Vanquished Creatures
  2 adders (D:2)
  2 dart slugs (D:1)
  A leopard gecko (D:2)
  3 bats
  A giant cockroach (D:2)
  2 goblins (D:1)
  4 hobgoblins (D:1)
  7 kobolds
  3 frilled lizards
  5 rats
30 creatures vanquished.

Notes
Turn   | Place    | Note
-------+----------+-------------------------------------------
     0 | D:1      | gmonis the Minotaur Berserker began the quest for the Orb.
     0 | D:1      | Reached XP level 1. HP: 19/19 MP: 0/0
    59 | D:1      | Reached skill level 4 in Maces & Flails
   285 | D:1      | Reached XP level 2. HP: 23/26 MP: 1/1
   869 | D:2      | Reached skill level 5 in Maces & Flails
   873 | D:2      | Reached XP level 3. HP: 25/31 MP: 2/2
  1142 | D:2      | HP: 1/46 [poisoned by a kobold]
  1143 | D:2      | Succumbed to a kobold's poison

Vault maps used:
D:1:      elethiomel_arrival_shortcut
D:2:      serial_bayou_pond_b, minmay_liquid_box

Skill      XL: |  1  2 |
---------------+-------+-----
Maces & Flails | 4 5 |  5.6
Fighting       | |  3.6
Armour         | |  2.4
Dodging        | |  2.1

Action                   || total
-------------------------++-------
Melee: Mace              ||    62
       Headbutt          ||     6
Invok: Berserk           ||     1
  Eat: Chunk             ||     1
Armor: Animal skin       ||    16
Dodge: Dodged            ||    32

Table legend:
 A = Spawn XP
 B = Non-spawn XP
 C = Spawn XP percentage of total XP
 D = Spawn monster count
 E = Non-spawn monster count
 F = Spawn count percentage of total count
 G = Total turns spent on level
                    A         B        C        D         E        F      G
               +---------+---------+-------+---------+---------+-------+---------
         Total |       0 |      75 |   0.0 |       0 |      30 |   0.0 |  1143
               +---------+---------+-------+---------+---------+-------+---------
           D:1 |       0 |      32 |   0.0 |       0 |      17 |   0.0 |   864
           D:2 |       0 |      43 |   0.0 |       0 |      13 |   0.0 |   279
               +---------+---------+-------+---------+---------+-------+---------
